Rangers vs Flames

Created - October-29-12 at 17:54

Goals
1 2 3 T
Rangers 1 1 0 2
Flames 0 0 0 0
Shots
1 2 3 T
Rangers 11 3 9 23
Flames 3 11 10 24

1st period

1. Rangers , David Perron 4 (David Legwand) at 7:47

Penalties :
Ryan Kesler (CGY) for Hooking (Minor) at 0:30, Erik Johnson (CGY) for Interference (Minor) at 3:18, David Jones (CGY) for Tripping (Minor) at 12:22, David Jones (CGY) for Hooking (Minor) at 14:52

2nd period

2. Rangers , Sheldon Souray 2 (Tyler Ennis, Mike Weaver) at 6:00

Penalties :
Mike Weaver (NYR) for Hooking (Minor) at 3:23, Stephane Robidas (NYR) for Tripping (Minor) at 6:16, Bryan Allen (NYR) for Hooking (Minor) at 9:57, Mike Weaver (NYR) for Tripping (Minor) at 13:47, Radim Vrbata (NYR) for High sticking (Double Minor) at 16:18

3rd period

No Goal

Penalties :
No Penalty

Goalie Stats

Tomas Vokoun (NYR), 24 saves from 24 shots - (1.000), W, 9-2-0, 60:00 minutes
Miikka Kiprusoff (CGY), 21 saves from 23 shots - (0.913), L, 2-5-2, 60:00 minutes

Players Stats for Rangers

Player Name              G  A  P  +/- PIM S  H  SB GA TA FO     MP     PP MP  PK MP  
------------------------------------------------------------------------------------
Bryan Allen              0  0  0   0  2   0  2  4  0  0  0/0    15:53   0:00   4:33 
Carl Hagelin             0  0  0   0  0   0  0  0  0  0  0/0     7:58   0:00   0:00 
Chris Kunitz             0  0  0   0  0   0  1  0  0  0  0/0     7:58   0:00   0:00 
David Legwand            0  1  1   1  0   3  0  0  0  0  12/20  20:06   4:38   3:45 
David Perron             1  0  1   1  0   3  3  0  0  0  0/0    15:01   3:18   0:00 
Francois Beauchemin      0  0  0   1  0   4  2  2  0  0  0/0    26:15   4:12   6:23 
Frans Nielsen            0  0  0   0  0   1  0  0  0  0  8/12   11:43   0:00   3:45 
Ilya Kovalchuk           0  0  0   1  0   3  2  0  0  0  3/3    21:07   4:38   0:00 
Jim Slater               0  0  0   0  0   0  0  0  0  0  12/19  11:47   0:00   7:48 
Marc Staal               0  0  0   0  0   0  1  3  0  0  0/0    15:44   0:00   4:23 
Mike Weaver              0  1  1   1  4   1  0  1  0  0  0/0    21:32   4:12   4:14 
Radim Vrbata             0  0  0   1  4   0  2  0  0  0  1/1    21:06   4:38   0:00 
Ryan Jones               0  0  0   0  0   2  1  0  0  0  1/2    12:03   0:00   8:04 
Sheldon Souray           1  0  1   1  0   1  1  1  0  0  0/0    17:09   3:44   0:17 
Stephane Robidas         0  0  0   1  2   1  5  0  0  0  0/0    23:23   3:44   4:00 
Tyler Ennis              0  1  1   1  0   3  1  0  0  0  10/21  19:47   3:18   0:00 
Vinny Prospal            0  0  0   1  0   1  1  0  0  0  0/0    15:07   3:18   0:06 
Zack Smith               0  0  0   0  0   0  0  0  0  0  0/2     4:21   0:00   0:22 

Players Stats for Flames

Player Name              G  A  P  +/- PIM S  H  SB GA TA FO     MP     PP MP  PK MP  
------------------------------------------------------------------------------------
Andrew MacDonald         0  0  0  -1  0   1  1  1  0  0  0/0    10:20   0:03   0:00 
Anze Kopitar             0  0  0   0  0   1  0  0  0  0  19/31  26:04   6:24   4:47 
Bryce Salvador           0  0  0   0  0   0  0  3  0  0  0/0    23:30   6:24   4:08 
Cody Hodgson             0  0  0   0  0   0  0  0  0  0  2/2     2:08   0:00   0:00 
Dan Boyle                0  0  0   0  0   2  0  2  0  0  0/0    27:33   6:24   4:08 
David Jones              0  0  0   0  4   0  2  0  0  0  0/1    14:52   0:00   0:52 
Dustin Brown             0  0  0   0  0   3  3  0  0  0  1/4    23:56   6:24   4:47 
Erik Johnson             0  0  0  -1  2   0  1  0  0  0  0/0    10:16   0:00   0:00 
Jack Johnson             0  0  0  -1  0   5  0  1  0  0  0/0    22:10   5:31   3:48 
Jake Gardiner            0  0  0   0  0   1  0  0  0  0  0/0     4:03   0:00   0:00 
Michael Grabner          0  0  0   0  0   1  0  0  0  0  0/0     2:08   0:00   0:00 
Michael Ryder            0  0  0   0  0   3  0  0  0  0  0/2    22:18   6:24   3:09 
Mikael Samuelsson        0  0  0  -2  0   1  2  1  0  0  0/1    16:42   5:28   0:00 
Pierre-Marc Bouchard     0  0  0   0  0   1  0  0  0  0  0/1    14:02   0:00   0:00 
Ryan Kesler              0  0  0  -2  2   1  4  0  0  0  7/25   19:01   5:31   2:17 
Shawn Horcoff            0  0  0  -2  0   0  0  1  0  0  0/1    16:45   5:31   0:00 
Tomas Kopecky            0  0  0   0  0   3  0  0  0  0  4/12   14:05   0:03   0:00 
Toni Lydman              0  0  0  -1  0   1  4  2  0  0  0/0    22:07   5:28   3:48 

3 Stars

1 - Tomas Vokoun (NYR)
2 - David Perron (NYR)
3 - Sheldon Souray (NYR)

Power Play

Rangers - 0 on 4 Attempt(s) - 0.00%
Flames - 0 on 6 Attempt(s) - 0.00%

Penalty Kill

Rangers - 6 on 6 Attempt(s) - 100.00% - Score 0 goal in Penalty Kill
Flames - 4 on 4 Attempt(s) - 100.00% - Score 0 goal in Penalty Kill

Official

Referees : Francois StLaurent and Francis Charron
Linesman : Mark Wheler and Brad Lazarowich

Game Notes

No Game Note

Finance

Level 1 -- Attendance: 3594 (55.29%) -- Ticket Income $593,010
Level 2 -- Attendance: 2594 (51.88%) -- Ticket Income $324,250
Level 3 -- Attendance: 2042 (58.34%) -- Ticket Income $163,360
Level 4 -- Attendance: 2012 (61.17%) -- Ticket Income $100,600
Luxury Box -- Attendance: 440 (44.00%) -- Ticket Income $220,000
Game was played at the ScotiaBank Saddledome
Total Attendance: 10682 (55.38%)
Total Ticket Income: $1,401,220
Other Income: $210,183
Total Income: $1,611,403


% Time on Ice - Rangers

Lines # - Real PCT - Wanted PCT - Time Play
Normal Forward
1 - 41% - 40% - 16:29
2 - 29% - 30% - 11:43
3 - 20% - 20% - 7:58
4 - 10% - 10% - 3:59
Normal Defense
1 - 39% - 40% - 15:40
2 - 33% - 30% - 13:08
3 - 28% - 20% - 11:21
4 - 0% - 10% - 0:00
PP Forward
1 - 58% - 60% - 4:38
2 - 42% - 40% - 3:18
PP Defense
1 - 47% - 60% - 3:44
2 - 53% - 40% - 4:12
PK Forward
1 - 69% - 60% - 8:10
2 - 31% - 40% - 3:45
PK Defense
1 - 55% - 60% - 6:32
2 - 45% - 40% - 5:23
PK3 Forward
1 - 0% - 60%
2 - 0% - 40%
PK3 Defense
1 - 0% - 60%
2 - 0% - 40%
44 Forward
1 - 0% - 60%
2 - 0% - 40%
44 Defense
1 - 0% - 60%
2 - 0% - 40%
Last Minute Offensive  - 0:00
Last Minute Defensive  - 0:00
Total
Forward - 60:00
Defense - 60:00

% Time on Ice - Flames

Lines # - Real PCT - Wanted PCT - Time Play
Normal Forward
1 - 32% - 40% - 12:45
2 - 28% - 30% - 11:14
3 - 35% - 20% - 14:02
4 - 5% - 10% - 2:08
Normal Defense
1 - 32% - 40% - 12:58
2 - 32% - 30% - 12:51
3 - 26% - 20% - 10:17
4 - 10% - 10% - 4:03
PP Forward
1 - 54% - 60% - 6:24
2 - 46% - 40% - 5:31
PP Defense
1 - 54% - 60% - 6:24
2 - 46% - 40% - 5:31
PK Forward
1 - 60% - 60% - 4:47
2 - 40% - 40% - 3:09
PK Defense
1 - 52% - 60% - 4:08
2 - 48% - 40% - 3:48
PK3 Forward
1 - 0% - 60%
2 - 0% - 40%
PK3 Defense
1 - 0% - 60%
2 - 0% - 40%
44 Forward
1 - 0% - 60%
2 - 0% - 40%
44 Defense
1 - 0% - 60%
2 - 0% - 40%
Last Minute Offensive  - 0:00
Last Minute Defensive  - 0:00
Total
Forward - 60:00
Defense - 60:00

Play by Play

1st period


0:01 of 1st period - Anze Kopitar wins face-off versus Tyler Ennis in neutral zone.
0:10 of 1st period - Dustin Brown is hit by Stephane Robidas and loses puck.
0:28 of 1st period - Icing by Francois Beauchemin.
0:29 of 1st period - Tyler Ennis wins face-off versus Ryan Kesler in Rangers zone.
0:29 of 1st period - Tyler Ennis is hit by Mikael Samuelsson.
0:30 of 1st period - Minor Penalty to Ryan Kesler for Hooking.
0:31 of 1st period - Anze Kopitar wins face-off versus David Legwand in Flames zone.
0:40 of 1st period - Shot by Ilya Kovalchuk.
0:40 of 1st period - Stopped by Miikka Kiprusoff without a rebound.
0:41 of 1st period - Tyler Ennis wins face-off versus David Jones in Flames zone.
0:58 of 1st period - Shot by Vinny Prospal.
0:58 of 1st period - Shot Misses the Net.
1:00 of 1st period - Shot by Mike Weaver.
1:00 of 1st period - Stopped by Miikka Kiprusoff without a rebound.
1:01 of 1st period - David Legwand wins face-off versus Dustin Brown in Flames zone.
2:03 of 1st period - Shot by Francois Beauchemin.
2:03 of 1st period - Stopped by Miikka Kiprusoff without a rebound.
2:04 of 1st period - Anze Kopitar wins face-off versus Tyler Ennis in Flames zone.
2:04 of 1st period - Dan Boyle is hit by David Perron and loses puck.
2:50 of 1st period - Icing by Andrew MacDonald.
2:51 of 1st period - Jim Slater wins face-off versus Ryan Kesler in Flames zone.
3:04 of 1st period - Shot by Zack Smith.
3:04 of 1st period - Shot Blocked by Shawn Horcoff.
3:06 of 1st period - Shot by Jim Slater.
3:06 of 1st period - Shot Misses the Net.
3:17 of 1st period - Icing by Andrew MacDonald.
3:18 of 1st period - David Legwand wins face-off versus Ryan Kesler in Flames zone.
3:18 of 1st period - Minor Penalty to Erik Johnson for Interference.
3:19 of 1st period - Anze Kopitar wins face-off versus David Legwand in Flames zone.
3:28 of 1st period - Shot by Sheldon Souray.
3:28 of 1st period - Shot Misses the Net.
3:51 of 1st period - Shot by Stephane Robidas.
3:51 of 1st period - Shot Blocked by Dan Boyle.
3:53 of 1st period - Shot by Ilya Kovalchuk.
3:53 of 1st period - Deflect By Radim Vrbata.
3:53 of 1st period - Shot Blocked by Bryce Salvador.
4:01 of 1st period - Shot by Radim Vrbata.
4:01 of 1st period - Deflect By Ilya Kovalchuk.
4:01 of 1st period - Shot Misses the Net.
4:18 of 1st period - Icing by Mike Weaver.
4:19 of 1st period - Tyler Ennis wins face-off versus Michael Ryder in Rangers zone.
4:26 of 1st period - Shot by David Perron.
4:26 of 1st period - Shot Blocked by Jack Johnson.
4:38 of 1st period - Shot by Vinny Prospal.
4:38 of 1st period - Stopped by Miikka Kiprusoff without a rebound.
4:39 of 1st period - Ilya Kovalchuk wins face-off versus Anze Kopitar in Flames zone.
5:09 of 1st period - Icing by Mike Weaver.
5:10 of 1st period - David Legwand wins face-off versus Ryan Kesler in Rangers zone.
5:10 of 1st period - David Legwand is hit by Ryan Kesler.
5:13 of 1st period - Icing by Radim Vrbata.
5:14 of 1st period - Anze Kopitar wins face-off versus David Legwand in Rangers zone.
5:17 of 1st period - Shot by Anze Kopitar.
5:17 of 1st period - Stopped by Tomas Vokoun with a rebound.
6:19 of 1st period - Icing by Marc Staal.
6:20 of 1st period - Frans Nielsen wins face-off versus Michael Ryder in Rangers zone.
6:42 of 1st period - Dustin Brown is hit by Bryan Allen and loses puck.
7:39 of 1st period - Sheldon Souray is hit by Andrew MacDonald and loses puck.
7:45 of 1st period - Icing by Andrew MacDonald.
7:46 of 1st period - David Legwand wins face-off versus Ryan Kesler in Flames zone.
7:47 of 1st period - Shot by David Perron.
7:47 of 1st period - Goal by David Perron - Rangers : 1 - Flames : 0.
7:48 of 1st period - Tomas Kopecky wins face-off versus Tyler Ennis in neutral zone.
7:48 of 1st period - Tomas Kopecky is hit by Radim Vrbata.
8:00 of 1st period - Shot by David Jones.
8:00 of 1st period - Shot Misses the Net.
8:20 of 1st period - Shot by Tomas Kopecky.
8:20 of 1st period - Shot Misses the Net.
9:08 of 1st period - Off-side.
9:09 of 1st period - David Legwand wins face-off versus Ryan Kesler in neutral zone.
9:09 of 1st period - David Legwand is hit by Mikael Samuelsson.
9:15 of 1st period - Shot by David Legwand.
9:15 of 1st period - Shot Blocked by Mikael Samuelsson.
9:33 of 1st period - Shot by David Perron.
9:33 of 1st period - Shot Misses the Net.
9:35 of 1st period - Shot by David Perron.
9:35 of 1st period - Stopped by Miikka Kiprusoff without a rebound.
9:36 of 1st period - Anze Kopitar wins face-off versus Ryan Jones in Flames zone.
9:47 of 1st period - Shot by Michael Ryder.
9:47 of 1st period - Stopped by Tomas Vokoun without a rebound.
9:48 of 1st period - Cody Hodgson wins face-off versus David Legwand in Rangers zone.
10:18 of 1st period - David Legwand is hit by Toni Lydman and loses puck.
10:37 of 1st period - Sheldon Souray is hit by Toni Lydman and loses puck.
10:59 of 1st period - Dan Boyle is hit by Vinny Prospal.
11:25 of 1st period - Ryan Kesler is hit by Tyler Ennis.
11:39 of 1st period - Shot by Ilya Kovalchuk.
11:39 of 1st period - Stopped by Miikka Kiprusoff without a rebound.
11:40 of 1st period - Tomas Kopecky wins face-off versus Jim Slater in Flames zone.
11:44 of 1st period - Icing by Andrew MacDonald.
11:45 of 1st period - Jim Slater wins face-off versus Tomas Kopecky in Flames zone.
11:45 of 1st period - Marc Staal is hit by Erik Johnson and loses puck.
12:09 of 1st period - Shot by Tomas Kopecky.
12:09 of 1st period - Stopped by Tomas Vokoun with a rebound.
12:11 of 1st period - Shot by Andrew MacDonald.
12:11 of 1st period - Shot Misses the Net.
12:13 of 1st period - Shot by Tomas Kopecky.
12:13 of 1st period - Shot Blocked by Marc Staal.
12:15 of 1st period - Shot by Pierre-Marc Bouchard.
12:15 of 1st period - Shot Misses the Net.
12:17 of 1st period - Shot by Andrew MacDonald.
12:17 of 1st period - Shot Misses the Net.
12:22 of 1st period - Minor Penalty to David Jones for Tripping.
12:23 of 1st period - Anze Kopitar wins face-off versus David Legwand in Flames zone.
12:53 of 1st period - Shot by Stephane Robidas.
12:53 of 1st period - Shot Misses the Net.
12:55 of 1st period - Shot by Radim Vrbata.
12:55 of 1st period - Shot Blocked by Bryce Salvador.
13:27 of 1st period - Shot by Francois Beauchemin.
13:27 of 1st period - Stopped by Miikka Kiprusoff without a rebound.
13:28 of 1st period - Anze Kopitar wins face-off versus Tyler Ennis in Flames zone.
14:11 of 1st period - Icing by David Legwand.
14:12 of 1st period - Ilya Kovalchuk wins face-off versus Ryan Kesler in Rangers zone.
14:52 of 1st period - Minor Penalty to David Jones for Hooking.
14:53 of 1st period - David Legwand wins face-off versus Anze Kopitar in Flames zone.
15:27 of 1st period - Off-side.
15:28 of 1st period - Anze Kopitar wins face-off versus Tyler Ennis in neutral zone.
16:29 of 1st period - Shot by Radim Vrbata.
16:29 of 1st period - Shot Misses the Net.
16:33 of 1st period - Shot by David Legwand.
16:33 of 1st period - Stopped by Miikka Kiprusoff without a rebound.
16:34 of 1st period - David Legwand wins face-off versus Anze Kopitar in Flames zone.
16:37 of 1st period - Shot by Francois Beauchemin.
16:37 of 1st period - Stopped by Miikka Kiprusoff with a rebound.
16:39 of 1st period - Shot by Ilya Kovalchuk.
16:39 of 1st period - Stopped by Miikka Kiprusoff without a rebound.
16:40 of 1st period - David Legwand wins face-off versus Ryan Kesler in Flames zone.
16:40 of 1st period - David Legwand is hit by Toni Lydman.
17:03 of 1st period - Icing by Jake Gardiner.
17:04 of 1st period - Tyler Ennis wins face-off versus Tomas Kopecky in Flames zone.
17:05 of 1st period - Shot by Ilya Kovalchuk.
17:05 of 1st period - Shot Misses the Net.
17:17 of 1st period - Jake Gardiner is hit by Stephane Robidas and loses puck.
17:32 of 1st period - Shot by Ilya Kovalchuk.
17:32 of 1st period - Deflect By Radim Vrbata.
17:32 of 1st period - Shot Misses the Net.
18:08 of 1st period - Icing by Dan Boyle.
18:09 of 1st period - Tomas Kopecky wins face-off versus Frans Nielsen in Flames zone.
18:09 of 1st period - Tomas Kopecky is hit by Chris Kunitz.
19:23 of 1st period - Shot by Vinny Prospal.
19:23 of 1st period - Shot Misses the Net.

2nd period


0:01 of 2nd period - Anze Kopitar wins face-off versus Tyler Ennis in neutral zone.
0:15 of 2nd period - Michael Ryder is hit by Stephane Robidas and loses puck.
0:22 of 2nd period - Dustin Brown is hit by Ilya Kovalchuk and loses puck.
0:31 of 2nd period - Shot by Tyler Ennis.
0:31 of 2nd period - Shot Misses the Net.
0:33 of 2nd period - Shot by Radim Vrbata.
0:33 of 2nd period - Shot Misses the Net.
0:54 of 2nd period - Off-side.
0:55 of 2nd period - David Legwand wins face-off versus Ryan Kesler in neutral zone.
0:58 of 2nd period - Jack Johnson is hit by David Perron and loses puck.
1:15 of 2nd period - Shot by Mikael Samuelsson.
1:15 of 2nd period - Shot Misses the Net.
1:19 of 2nd period - Shot by Jack Johnson.
1:19 of 2nd period - Shot Misses the Net.
1:23 of 2nd period - Shot by Jack Johnson.
1:23 of 2nd period - Stopped by Tomas Vokoun without a rebound.
1:24 of 2nd period - Tomas Kopecky wins face-off versus Zack Smith in Rangers zone.
1:29 of 2nd period - Shot by David Jones.
1:29 of 2nd period - Shot Misses the Net.
1:31 of 2nd period - Shot by Erik Johnson.
1:31 of 2nd period - Shot Blocked by Marc Staal.
1:33 of 2nd period - Shot by David Jones.
1:33 of 2nd period - Shot Misses the Net.
2:21 of 2nd period - Shot by Radim Vrbata.
2:21 of 2nd period - Shot Misses the Net.
2:58 of 2nd period - Stephane Robidas is hit by David Jones and loses puck.
3:06 of 2nd period - Icing by Stephane Robidas.
3:07 of 2nd period - Radim Vrbata wins face-off versus Anze Kopitar in Rangers zone.
3:23 of 2nd period - Minor Penalty to Mike Weaver for Hooking.
3:24 of 2nd period - Jim Slater wins face-off versus Mikael Samuelsson in Rangers zone.
3:32 of 2nd period - Ryan Kesler is hit by Francois Beauchemin and loses puck.
4:04 of 2nd period - Bryan Allen is hit by Ryan Kesler and loses puck.
4:29 of 2nd period - Shot by Dan Boyle.
4:29 of 2nd period - Stopped by Tomas Vokoun without a rebound.
4:30 of 2nd period - Anze Kopitar wins face-off versus Frans Nielsen in Rangers zone.
4:31 of 2nd period - Shot by Dan Boyle.
4:31 of 2nd period - Shot Blocked by Francois Beauchemin.
4:33 of 2nd period - Shot by Dustin Brown.
4:33 of 2nd period - Deflect By Michael Ryder.
4:33 of 2nd period - Stopped by Tomas Vokoun without a rebound.
4:34 of 2nd period - Jim Slater wins face-off versus Dustin Brown in Rangers zone.
4:40 of 2nd period - Icing by Dustin Brown.
4:41 of 2nd period - Dustin Brown wins face-off versus Jim Slater in Flames zone.
5:40 of 2nd period - Shot by Tyler Ennis.
5:40 of 2nd period - Stopped by Miikka Kiprusoff with a rebound.
5:58 of 2nd period - Shot by Tyler Ennis.
5:58 of 2nd period - Shot Blocked by Toni Lydman.
6:00 of 2nd period - Shot by Sheldon Souray.
6:00 of 2nd period - Goal by Sheldon Souray - Rangers : 2 - Flames : 0.
6:01 of 2nd period - David Legwand wins face-off versus Pierre-Marc Bouchard in neutral zone.
6:04 of 2nd period - Erik Johnson is hit by David Perron and loses puck.
6:16 of 2nd period - Minor Penalty to Stephane Robidas for Tripping.
6:17 of 2nd period - Jim Slater wins face-off versus Anze Kopitar in Rangers zone.
6:22 of 2nd period - Dan Boyle is hit by Ryan Jones and loses puck.
7:31 of 2nd period - Shot by Jack Johnson.
7:31 of 2nd period - Stopped by Tomas Vokoun with a rebound.
7:33 of 2nd period - Shot by Toni Lydman.
7:33 of 2nd period - Shot Blocked by Francois Beauchemin.
7:35 of 2nd period - Shot by Mikael Samuelsson.
7:35 of 2nd period - Stopped by Tomas Vokoun without a rebound.
7:36 of 2nd period - Ryan Kesler wins face-off versus Zack Smith in Rangers zone.
9:38 of 2nd period - Shot by Michael Ryder.
9:38 of 2nd period - Shot Blocked by Marc Staal.
9:40 of 2nd period - Shot by Dustin Brown.
9:40 of 2nd period - Stopped by Tomas Vokoun without a rebound.
9:41 of 2nd period - Frans Nielsen wins face-off versus Ryan Kesler in Rangers zone.
9:51 of 2nd period - Icing by Shawn Horcoff.
9:52 of 2nd period - Ryan Kesler wins face-off versus David Legwand in Flames zone.
9:57 of 2nd period - Minor Penalty to Bryan Allen for Hooking.
9:58 of 2nd period - Jim Slater wins face-off versus Anze Kopitar in Rangers zone.
10:30 of 2nd period - Frans Nielsen is hit by Dustin Brown and loses puck.
10:43 of 2nd period - Shot by Dan Boyle.
10:43 of 2nd period - Stopped by Tomas Vokoun without a rebound.
10:44 of 2nd period - Jim Slater wins face-off versus Ryan Kesler in Rangers zone.
10:44 of 2nd period - Jim Slater is hit by Ryan Kesler.
11:55 of 2nd period - Shot by Dustin Brown.
11:55 of 2nd period - Stopped by Tomas Vokoun without a rebound.
11:56 of 2nd period - Frans Nielsen wins face-off versus Anze Kopitar in Rangers zone.
12:47 of 2nd period - Icing by Bryan Allen.
12:48 of 2nd period - Tyler Ennis wins face-off versus Anze Kopitar in Rangers zone.
13:43 of 2nd period - Mike Weaver is hit by Ryan Kesler and loses puck.
13:47 of 2nd period - Minor Penalty to Mike Weaver for Tripping.
13:48 of 2nd period - Jim Slater wins face-off versus Ryan Kesler in Rangers zone.
13:57 of 2nd period - Shot by Mikael Samuelsson.
13:57 of 2nd period - Deflect By Ryan Kesler.
13:57 of 2nd period - Shot Blocked by Sheldon Souray.
13:59 of 2nd period - Shot by Toni Lydman.
13:59 of 2nd period - Stopped by Tomas Vokoun without a rebound.
14:00 of 2nd period - Ryan Kesler wins face-off versus Jim Slater in Rangers zone.
14:09 of 2nd period - Shot by Jack Johnson.
14:09 of 2nd period - Stopped by Tomas Vokoun without a rebound.
14:10 of 2nd period - Anze Kopitar wins face-off versus Jim Slater in Rangers zone.
14:10 of 2nd period - Dan Boyle is hit by Marc Staal and loses puck.
14:48 of 2nd period - Shot by Dan Boyle.
14:48 of 2nd period - Shot Blocked by Bryan Allen.
14:50 of 2nd period - Shot by Bryce Salvador.
14:50 of 2nd period - Shot Misses the Net.
14:52 of 2nd period - Shot by Michael Ryder.
14:52 of 2nd period - Shot Misses the Net.
15:01 of 2nd period - Off-side.
15:02 of 2nd period - Jim Slater wins face-off versus Ryan Kesler in neutral zone.
15:13 of 2nd period - Shot by Ryan Jones.
15:13 of 2nd period - Stopped by Miikka Kiprusoff without a rebound.
15:14 of 2nd period - Jim Slater wins face-off versus Ryan Kesler in Flames zone.
16:18 of 2nd period - Double Minor Penalty to Radim Vrbata for High sticking.
16:19 of 2nd period - Jim Slater wins face-off versus Anze Kopitar in Rangers zone.
16:19 of 2nd period - Jim Slater is hit by Dustin Brown.
17:58 of 2nd period - Off-side.
17:59 of 2nd period - Anze Kopitar wins face-off versus Jim Slater in neutral zone.
18:27 of 2nd period - Shot by Dustin Brown.
18:27 of 2nd period - Shot Misses the Net.
18:47 of 2nd period - Shot by Jack Johnson.
18:47 of 2nd period - Stopped by Tomas Vokoun without a rebound.
18:48 of 2nd period - Ryan Kesler wins face-off versus Jim Slater in Rangers zone.
19:51 of 2nd period - Stephane Robidas is hit by Dustin Brown and loses puck.

3rd period


0:01 of 3rd period - Anze Kopitar wins face-off versus Jim Slater in neutral zone.
0:28 of 3rd period - Shot by Jack Johnson.
0:28 of 3rd period - Stopped by Tomas Vokoun without a rebound.
0:29 of 3rd period - Ryan Kesler wins face-off versus David Legwand in Rangers zone.
0:54 of 3rd period - Mikael Samuelsson is hit by Stephane Robidas and loses puck.
1:05 of 3rd period - Shot by David Legwand.
1:05 of 3rd period - Stopped by Miikka Kiprusoff with a rebound.
1:19 of 3rd period - Icing by Ryan Kesler.
1:20 of 3rd period - Ilya Kovalchuk wins face-off versus Ryan Kesler in Flames zone.
1:38 of 3rd period - Off-side.
1:39 of 3rd period - Anze Kopitar wins face-off versus Frans Nielsen in neutral zone.
1:49 of 3rd period - Dustin Brown is hit by Bryan Allen and loses puck.
1:54 of 3rd period - Shot by Anze Kopitar.
1:54 of 3rd period - Shot Misses the Net.
1:56 of 3rd period - Shot by Dustin Brown.
1:56 of 3rd period - Stopped by Tomas Vokoun without a rebound.
1:57 of 3rd period - Tyler Ennis wins face-off versus Tomas Kopecky in Rangers zone.
1:57 of 3rd period - Tyler Ennis is hit by David Jones.
2:04 of 3rd period - Off-side.
2:05 of 3rd period - Tyler Ennis wins face-off versus Anze Kopitar in neutral zone.
3:29 of 3rd period - Shot by Mikael Samuelsson.
3:29 of 3rd period - Shot Misses the Net.
4:23 of 3rd period - Shot by Tomas Kopecky.
4:23 of 3rd period - Deflect By Pierre-Marc Bouchard.
4:23 of 3rd period - Shot Misses the Net.
4:25 of 3rd period - Shot by Tomas Kopecky.
4:25 of 3rd period - Shot Misses the Net.
4:57 of 3rd period - Shot by Michael Grabner.
4:57 of 3rd period - Stopped by Tomas Vokoun without a rebound.
4:58 of 3rd period - Anze Kopitar wins face-off versus Tyler Ennis in Rangers zone.
5:03 of 3rd period - Shot by Dustin Brown.
5:03 of 3rd period - Shot Misses the Net.
6:17 of 3rd period - Icing by Bryce Salvador.
6:18 of 3rd period - Frans Nielsen wins face-off versus Ryan Kesler in Flames zone.
6:27 of 3rd period - Shot by Ryan Kesler.
6:27 of 3rd period - Shot Misses the Net.
6:29 of 3rd period - Shot by Ryan Kesler.
6:29 of 3rd period - Deflect By Mikael Samuelsson.
6:29 of 3rd period - Shot Misses the Net.
6:31 of 3rd period - Shot by Ryan Kesler.
6:31 of 3rd period - Stopped by Tomas Vokoun without a rebound.
6:32 of 3rd period - Jim Slater wins face-off versus Tomas Kopecky in Rangers zone.
6:36 of 3rd period - Off-side.
6:37 of 3rd period - Frans Nielsen wins face-off versus Tomas Kopecky in neutral zone.
6:46 of 3rd period - Shot by Pierre-Marc Bouchard.
6:46 of 3rd period - Deflect By David Jones.
6:46 of 3rd period - Shot Misses the Net.
6:48 of 3rd period - Shot by Toni Lydman.
6:48 of 3rd period - Shot Blocked by Bryan Allen.
7:04 of 3rd period - Shot by Jack Johnson.
7:04 of 3rd period - Shot Blocked by Bryan Allen.
7:42 of 3rd period - Shot by Ryan Jones.
7:42 of 3rd period - Stopped by Miikka Kiprusoff with a rebound.
7:50 of 3rd period - Shot by Ryan Jones.
7:50 of 3rd period - Shot Blocked by Dan Boyle.
7:52 of 3rd period - Shot by Ryan Jones.
7:52 of 3rd period - Shot Misses the Net.
7:54 of 3rd period - Shot by Zack Smith.
7:54 of 3rd period - Shot Misses the Net.
7:56 of 3rd period - Shot by Stephane Robidas.
7:56 of 3rd period - Stopped by Miikka Kiprusoff with a rebound.
7:58 of 3rd period - Shot by Francois Beauchemin.
7:58 of 3rd period - Stopped by Miikka Kiprusoff with a rebound.
8:21 of 3rd period - Icing by Dan Boyle.
8:22 of 3rd period - Anze Kopitar wins face-off versus Tyler Ennis in Flames zone.
8:22 of 3rd period - Anze Kopitar is hit by Ilya Kovalchuk.
8:27 of 3rd period - Icing by Dan Boyle.
8:28 of 3rd period - Tyler Ennis wins face-off versus Anze Kopitar in Flames zone.
8:41 of 3rd period - Shot by Radim Vrbata.
8:41 of 3rd period - Shot Misses the Net.
8:43 of 3rd period - Shot by Sheldon Souray.
8:43 of 3rd period - Shot Misses the Net.
9:03 of 3rd period - Shot by Radim Vrbata.
9:03 of 3rd period - Shot Blocked by Bryce Salvador.
9:05 of 3rd period - Shot by Mike Weaver.
9:05 of 3rd period - Shot Misses the Net.
9:30 of 3rd period - Shot by David Legwand.
9:30 of 3rd period - Shot Misses the Net.
9:53 of 3rd period - Icing by Toni Lydman.
9:54 of 3rd period - Frans Nielsen wins face-off versus Ryan Kesler in Flames zone.
10:19 of 3rd period - Shot by Ryan Kesler.
10:19 of 3rd period - Shot Misses the Net.
10:42 of 3rd period - Shot by Tomas Kopecky.
10:42 of 3rd period - Stopped by Tomas Vokoun with a rebound.
10:44 of 3rd period - Shot by Andrew MacDonald.
10:44 of 3rd period - Stopped by Tomas Vokoun without a rebound.
10:45 of 3rd period - Cody Hodgson wins face-off versus Tyler Ennis in Rangers zone.
11:14 of 3rd period - Shot by Radim Vrbata.
11:14 of 3rd period - Shot Blocked by Andrew MacDonald.
11:22 of 3rd period - Shot by Tyler Ennis.
11:22 of 3rd period - Stopped by Miikka Kiprusoff with a rebound.
11:50 of 3rd period - Shot by David Jones.
11:50 of 3rd period - Shot Misses the Net.
12:10 of 3rd period - Shot by Pierre-Marc Bouchard.
12:10 of 3rd period - Shot Blocked by Bryan Allen.
12:12 of 3rd period - Shot by Jake Gardiner.
12:12 of 3rd period - Stopped by Tomas Vokoun without a rebound.
12:13 of 3rd period - Ryan Kesler wins face-off versus Frans Nielsen in Rangers zone.
12:17 of 3rd period - Shawn Horcoff is hit by Francois Beauchemin and loses puck.
12:55 of 3rd period - Shawn Horcoff is hit by Stephane Robidas and loses puck.
13:47 of 3rd period - Shot by Tomas Kopecky.
13:47 of 3rd period - Shot Blocked by Mike Weaver.
13:54 of 3rd period - Icing by Mike Weaver.
13:55 of 3rd period - Tyler Ennis wins face-off versus Anze Kopitar in Rangers zone.
14:28 of 3rd period - Shot by Michael Ryder.
14:28 of 3rd period - Stopped by Tomas Vokoun without a rebound.
14:29 of 3rd period - Ryan Jones wins face-off versus Ryan Kesler in Rangers zone.
14:41 of 3rd period - Jim Slater is hit by Toni Lydman and loses puck.
14:50 of 3rd period - Shot by Zack Smith.
14:50 of 3rd period - Shot Misses the Net.
15:04 of 3rd period - Shot by Ryan Jones.
15:04 of 3rd period - Shot Misses the Net.
15:21 of 3rd period - Off-side.
15:22 of 3rd period - David Legwand wins face-off versus Dustin Brown in neutral zone.
15:37 of 3rd period - Shot by David Legwand.
15:37 of 3rd period - Stopped by Miikka Kiprusoff without a rebound.
15:38 of 3rd period - Tyler Ennis wins face-off versus Tomas Kopecky in Flames zone.
15:52 of 3rd period - Shot by Pierre-Marc Bouchard.
15:52 of 3rd period - Stopped by Tomas Vokoun with a rebound.
16:04 of 3rd period - Shot by Tomas Kopecky.
16:04 of 3rd period - Stopped by Tomas Vokoun without a rebound.
16:05 of 3rd period - Anze Kopitar wins face-off versus David Legwand in Rangers zone.
16:56 of 3rd period - Icing by Michael Ryder.
16:57 of 3rd period - Anze Kopitar wins face-off versus Tyler Ennis in Flames zone.
17:23 of 3rd period - Shot by Ilya Kovalchuk.
17:23 of 3rd period - Shot Misses the Net.
17:25 of 3rd period - Shot by Tyler Ennis.
17:25 of 3rd period - Stopped by Miikka Kiprusoff without a rebound.
17:26 of 3rd period - Frans Nielsen wins face-off versus Shawn Horcoff in Flames zone.
17:37 of 3rd period - Shot by Carl Hagelin.
17:37 of 3rd period - Shot Blocked by Toni Lydman.
17:39 of 3rd period - Shot by Frans Nielsen.
17:39 of 3rd period - Stopped by Miikka Kiprusoff without a rebound.
17:40 of 3rd period - David Legwand wins face-off versus Tomas Kopecky in Flames zone.
17:49 of 3rd period - Shot by David Legwand.
17:49 of 3rd period - Deflect By David Perron.
17:49 of 3rd period - Stopped by Miikka Kiprusoff without a rebound.
17:50 of 3rd period - Ryan Kesler wins face-off versus Tyler Ennis in Flames zone.
18:01 of 3rd period - Jack Johnson is hit by Radim Vrbata and loses puck.
19:10 of 3rd period - Pierre-Marc Bouchard is hit by Sheldon Souray and loses puck.
19:13 of 3rd period - Shot by Tomas Kopecky.
19:13 of 3rd period - Deflect By Pierre-Marc Bouchard.
19:13 of 3rd period - Shot Misses the Net.
19:50 of 3rd period - Icing by Jake Gardiner.
19:51 of 3rd period - Frans Nielsen wins face-off versus Tomas Kopecky in Flames zone.
19:56 of 3rd period - Shot by Carl Hagelin.
19:56 of 3rd period - Shot Misses the Net.


Output by the SimonT Hockey Simulator (STHS) for Stephane Roy -- Original Page W3C XHTML 1.0 Valid
Hockey Simulator - Hockey Simulation - Hockey Manager